 Dungeon Crawl Stone Soup version 0.30-a0-634-g8abc85282e (webtiles) character file.

Game seed: 10596404583401801238

16 porpoise the Trooper (level 2, -1/24 HPs)
             Began as a Formicid Monk on Jan 15, 2023.
             Slain by a gnoll
             ... wielding a +0 spear
              (9 damage)
             ... on level 1 of the Dungeon.
             The game lasted 00:01:29 (393 turns).

porpoise the Trooper (Formicid Monk)                 Turns: 393, Time: 00:01:30

Health: -1/24      AC:  2    Str: 15    XL:     2   Next: 75%
Magic:  2/2        EV: 13    Int:  9    God:
Gold:   23         SH:  0    Dex: 16    Spells: 1/1 levels left

rFire   . . .      SeeInvis +    a - +0 hand axe
rCold   . . .      Faith    .    (no shield)
rNeg    . . .      Spirit   .    b - +0 robe
rPois   .          Reflect  .    (helmet unavailable)
rElec   .          Harm     .    (no cloak)
rCorr   .          Rampage  .    (no gloves)
Will    .....                    (no boots)
Stlth   ++                       (no amulet)
HPRegen 0.24/turn                (no ring)
MPRegen 0.08/turn                (no ring)

@: no status effects
A: permanent stasis, dig shafts and tunnels, antennae 3, four strong arms
a: Dig, Shaft Self


You were on level 1 of the Dungeon.
You visited 1 branch of the dungeon, and saw 1 of its levels.

You collected 23 gold pieces.

Inventory:

Hand Weapons
 a - a +0 hand axe (weapon)
Armour
 b - a +0 robe (worn)
Scrolls
 e - a scroll of fog {unknown}
 f - 3 scrolls of magic mapping {unknown}
 g - a scroll of identify {unknown}
Potions
 c - a potion of ambrosia
 d - a potion of invisibility {unknown}


   Skills:
 + Level 3.6 Fighting
 * Level 3.6 Axes
 - Level 2.6 Dodging
 - Level 2.4 Stealth


You had one spell level left.
You didn't know any spells.
Your spell library was empty.

Dungeon Overview and Level Annotations

Branches:
Dungeon (1/15)

Altars:


Innate Abilities, Weirdness & Mutations

You cannot be hasted, slowed, berserked, paralysed or teleported.
You can dig through walls and to a lower floor.
You have a pair of large antennae on your head. (SInv)
Your four strong arms can wield two-handed weapons with a shield.


Message History

A rat comes into view.
A rat is nearby!
A ball python comes into view.
The ball python hisses angrily.
You hit the rat but do no damage. The rat barely misses you.
You completely miss the rat. The rat barely misses you.
The rat bites you but does no damage.
You hit the rat.
You kill the rat!
The ball python barely misses you. The ball python grabs you.
The ball python constricts you.
You hit the ball python.
You kill the ball python!
You see here a ball python corpse.
You open the door.
A bat comes into view.
There is an open door here.
Found 3 scrolls labelled DEMISO XEROBA.
The bat barely misses you.
Found 5 gold pieces.
The bat barely misses you.
You hit the bat.
You kill the bat!
You see here a bat corpse.
f - 3 scrolls labelled DEMISO XEROBA You now have 23 gold pieces (gained 5).
You open the door.
You sense a monster nearby.
g - a scroll labelled JITHRY JOLA A gnoll comes into view.
It is wielding a +0 spear.
The gnoll shouts!
The gnoll hits you from afar with a +0 spear!
The gnoll hits you with a +0 spear.
You barely miss the gnoll. The gnoll barely misses you.
You barely miss the gnoll. The gnoll hits you with a +0 spear.
You hit the gnoll.
The gnoll is moderately wounded.
The gnoll hits you with a +0 spear.
You closely miss the gnoll.
The gnoll is moderately wounded.
The gnoll hits you with a +0 spear!
You die...

#..#.# #.###.#.#.#
#..#.##
#.....#.#.#
#.....#
#..####.#..
##.#..#
#..###.....
#.#..###....#..###
#.#...##..#.#....)
#.#.#..##...#.####
#.#.........#.#..
##
#@#####.###.#.#.#
#^
#g............#(#
#..####
###########...#.##
#..#..### #.#†#.##
#.......##
#.#...## #..<....#
#.##..## ###..#..#
..##..## ######..#
#####.##
##.......# #..#


You could see a gnoll.

Vanquished Creatures
  3 bats (D:1)
  2 endoplasms (D:1)
  A goblin (D:1)
  3 hobgoblins (D:1)
  A kobold (D:1)
  2 ball pythons (D:1)
  2 rats (D:1)
14 creatures vanquished.

Notes
Turn   | Place    | Note
-------+----------+-------------------------------------------
     0 | D:1      | porpoise the Formicid Monk began the quest for the Orb.
     0 | D:1      | Reached XP level 1. HP: 18/18 MP: 1/1
   112 | D:1      | Reached XP level 2. HP: 20/24 MP: 2/2
   393 | D:1      | Slain by a gnoll

Illustrated notes

Levels and vault maps discovered:
D:1:      minmay_arrival_wavy_path, layout_basic,
          chequers_ecumenical_altar_twisty, minmay_stone_trees_small

Action                   || total
-------------------------++-------
Melee: Hand axe          ||    45
 Stab: Sleeping          ||     3
Armor: Robe              ||     4
Dodge: Dodged            ||    39

Table legend: (Time is in decaauts)
 A = Elapsed time spent in this place.
 B = Non-inter-level travel time spent in this place.
 C = Inter-level travel time spent in this place.
 D = Time resting spent in this place.
 E = Time spent auto-exploring this place.
 F = Levels seen in this place.
 G = Mean time per level.
                   A        B        C        D        E       F      G
               +--------+--------+--------+--------+--------+-----+--------+
         Total |    398 |    398 |      0 |    124 |    123 |   1 |  398.0 |
       Dungeon |    398 |    398 |      0 |    124 |    123 |   1 |  398.0 |
               +--------+--------+--------+--------+--------+-----+--------+

Top non-repeatable levels by time:
     D:1: 398 daAuts
